Map: Ulrena

Players

Razor

  • Race: Zerg Zerg
  • League: Silver
  • Spawn Location: 11:00

zidar - Winner!

  • Race: Zerg Zerg
  • League: Gold
  • Spawn Location: 7:00

VOD

Have the link to the VOD?

Description

Time

  • Played on: June 14, 2016, 11:28 a.m.
  • Length: 7:25
Show
View Real Time Build Order
Export as new Build Order

Razor Zerg 

Build Orders: Pool First 

Get SALT Encoding   

  12  0:01  Drone  
  13  0:11  Drone  
  14  0:17  Overlord  
  16  0:35  Drone x2  
  16  0:44  Spawning Pool  
  16  0:46  Drone  
  16  0:50  Extractor  
  16  0:52  Drone  
  16  1:25  Hatchery  
  15  1:31  Zergling x6  
  18  1:40  Queen  
  18  1:46  Drone  
  21  1:55  Metabolic Boost  
  21  2:02  Overlord  
  19  2:25  Extractor  
  19  2:27  Drone  
  19  2:28  Zergling x2  
  19  2:29  Zergling x2  
  20  2:37  Queen  
  20  2:39  Zergling x4  
  24  2:52  Lair  
  24  2:59  Zergling x4  
  24  3:02  Zergling x2  
  27  3:07  Zergling x2  
  27  3:10  Drone  
  29  3:16  Drone  
  29  3:19  Drone  
  31  3:24  Zergling x2  
  26  3:34  Zergling x4  
  22  3:51  Zergling x8  
  24  4:04  Zergling x2  
  24  4:05  Zergling x6  
  27  4:35  Zergling x6  
  30  4:39  Overlord  
  30  4:40  Overlord  
  29  5:10  Spire  
  29  5:11  Zergling x6  
  29  5:12  Zergling x4  
  32  5:34  Zergling x2  
  32  5:35  Zergling x4  
  27  5:48  Zergling x6  
  23  6:00  Zergling x2  
  14  6:25  Mutalisk x2  
  15  6:30  Zergling x2  
  18  6:35  Zergling x2  
  19  6:47  Mutalisk  
Show
View Real Time Build Order
Export as new Build Order

zidar Zerg - Winner!

Build Orders: Pool First 

Get SALT Encoding   

  12  0:01  Drone  
  13  0:12  Overlord  
  13  0:17  Drone  
  14  0:30  Drone  
  14  0:31  Drone  
  16  0:49  Spawning Pool, Drone x2  
  17  0:59  Extractor  
  16  1:05  Overlord  
  16  1:25  Overlord  
  16  1:35  Zergling x2  
  16  1:36  Queen  
  16  1:37  Zergling x2  
  20  1:40  Zergling x2  
  21  1:51  Zergling x2  
  22  2:01  Zergling x2  
  23  2:02  Metabolic Boost  
  23  2:12  Zergling x2  
  23  2:14  Queen  
  25  2:32  Zergling x2  
  26  2:40  Zergling x2  
  27  2:44  Hatchery  
  27  2:48  Zergling x4  
  27  2:49  Zergling x2  
  29  2:57  Zergling x2  
  30  3:03  Drone  
  31  3:22  Drone x2  
  31  3:23  Drone  
  34  3:32  Roach Warren  
  28  3:51  Zergling x12  
  33  4:26  Roach x5  
  42  5:04  Roach  
  42  5:05  Overlord x4  
  41  5:41  Roach x10  
  56  6:04  Roach x4  
  58  6:23  Roach  
  58  6:24  Roach  
  56  6:41  Zergling x8  
Tags
 
Matchup
ZvZ
Race
Zerg
Spawn Locations
Close Positions
Add a new tag
Caveats
  • Supply blocks, unpowered buildings, or Contaminate may cause inaccurate times.
  • Supply counts are checked every 10 seconds.